 Dungeon Crawl Stone Soup version 0.19.1 (webtiles) character file.

557 lorenzova the Conjurer (level 7, -1/36 HPs)
             Began as a Deep Elf Conjurer on Dec 11, 2016.
             Slain by Grinder (7 damage)
             ... on level 4 of the Dungeon on Dec 12, 2016.
             The game lasted 00:08:17 (4686 turns).

lorenzova the Conjurer (Deep Elf Conjurer)          Turns: 4686, Time: 00:08:17

Health: -1/36      AC:  5    Str:  5    XL:     7   Next: 9%
Magic:  0/19       EV: 13    Int: 22    God:
Gold:   281        SH:  0    Dex: 15    Spells: 3 memorised, 10 levels left

rFire  . . .     SeeInvis .     g - +1 dagger (elec)
rCold  . . .     Gourm    .     a - +0 robe
rNeg   . . .     Faith    .     (no shield)
rPois  .         Spirit   .     (no helmet)
rElec  .         Reflect  .     (no cloak)
rCorr  .         Harm     .     o - +2 pair of gloves
MR     .....                    (no boots)
Stlth  +++.......               (no amulet)
                                (no ring)
                                r - ring of stealth

@: no status effects
A: no striking features
a: no special abilities


You were on level 4 of the Dungeon.
You were not hungry.

You visited 1 branch of the dungeon, and saw 7 of its levels.

You collected 281 gold pieces.

Inventory:

Hand Weapons
 g - a +1 dagger of electrocution (weapon)
Armour
 a - a +0 robe (worn)
 o - a +2 pair of gloves (worn)
Jewellery
 r - a ring of stealth (left hand)
Scrolls
 h - a scroll of amnesia {unknown}
 i - 7 scrolls of remove curse
 q - a scroll of immolation {unknown}
 t - 2 scrolls of random uselessness {unknown}
 x - a scroll of enchant armour {unknown}
 y - a scroll of fear {unknown}
Potions
 d - a potion of brilliance
 e - a potion of mutation
 j - a potion of heal wounds
 l - 2 potions of berserk rage
 m - a potion of resistance
 n - 2 potions of curing
 s - a potion of degeneration
 u - a potion of ambrosia
 v - a potion of cure mutation
 z - a potion of cancellation
Books
 b - a book of Conjurations

   Spells                             Type                      Level
   a - Magic Dart                     Conjuration                  1
   b - Searing Ray                    Conjuration                  2
   c - Dazzling Spray                 Conjuration/Hexes            3
   d - Fulminant Prism                Conjuration/Hexes            4
   e - Iskenderun's Mystic Blast      Conjuration                  4
   f - Iskenderun's Battlesphere      Conjuration/Charms           5
 p - a book of Changes

   Spells                             Type                      Level
   a - Beastly Appendage              Transmutation                1
   b - Sticks to Snakes               Transmutation                2
   c - Spider Form                    Transmutation/Poison         3
   d - Ice Form                       Ice/Transmutation            4
   e - Blade Hands                    Transmutation                5
Comestibles
 c - a bread ration
 k - 3 meat rations


   Skills:
 - Level 2.4 Dodging
 - Level 2.4 Stealth
 + Level 7.3 Spellcasting
 + Level 7.5 Conjurations


You had 10 spell levels left.
You knew the following spells:

 Your Spells              Type           Power        Failure   Level  Hunger
a - Magic Dart            Conj           ####         1%          1    None
b - Iskenderun's Battles  Conj/Chrm      ###.....     50%         5    #####..
c - Iskenderun's Mystic   Conj           #####...     4%          4    ###....


Dungeon Overview and Level Annotations

Branches:
Dungeon (7/15)
 Temple: D:4-7

Altars:
Cheibriados
Fedhas
Kikubaaqudgha
Okawaru
The Shining One

Annotations:
D:2 Sigmund
D:3 Robin
D:4 Eustachio, Grinder


Message History

Grinder hits you!
You writhe in agony.
Casting: Magic Dart
Confirm with . or Enter, or press ? or * to list all spells.
Aiming: Magic Dart
Press: ? - help, Shift-Dir - straight line, f/p - Grinder
Aim: Grinder (severely wounded)
The magic dart hits Grinder.
Grinder is severely wounded.
Grinder gestures at you. Pain shoots through your body!
* * * LOW HITPOINT WARNING * * *
Casting: Magic Dart
Confirm with . or Enter, or press ? or * to list all spells.
Aiming: Magic Dart
Press: ? - help, Shift-Dir - straight line, f/p - Grinder
Aim: Grinder (severely wounded)
The magic dart hits Grinder.
Grinder is almost dead.
Grinder hits you!
You die...

#.......# #. #.#######
##.######+#### #.>....#
#............# #..###.#
#.....<.)....## #..###.#
#..........÷..# ####..#...#.
#.............# #(.......##.
#...........÷.#######.##........
#..............@5...#.###.....##
#.....>......###......###.....#
#............# #..........###.#
#............# #.......##.# #.#
#............# ##..)...##.# #.#
#............# #.#.....#.###.#
#............# #.#...#.#.#...#
####....###### #.#.##....##.##
#....# #.#.##..#....#


You could see Grinder.

Vanquished Creatures
  The ghost of Mungo the Sneak, an amateur SpAr of Okawaru (D:4)
  The ghost of lorenzova the Magician, an amateur DECj (D:3)
  An ogre (D:4)
  An iguana (D:4)
  An orc wizard (D:4)
  A worker ant (D:4)
  6 adders
  3 gnolls (D:3)
  3 dart slugs
  9 orcs
  5 bats
  3 giant cockroaches
  8 hobgoblins
  A quokka (D:4)
  A ball python (D:4)
  5 frilled lizards
  7 goblins
  7 kobolds
  A rat (D:1)
65 creatures vanquished.

Notes
Turn   | Place    | Note
-------+----------+-------------------------------------------
     0 | D:1      | lorenzova the Deep Elf Conjurer began the quest for the Orb.
     0 | D:1      | Reached XP level 1. HP: 10/10 MP: 6/6
   321 | D:1      | Reached XP level 2. HP: 9/15 MP: 5/8
  1188 | D:2      | Found a faded altar of an unknown god.
  1373 | D:2      | Reached skill level 5 in Conjurations
  1373 | D:2      | Reached XP level 3. HP: 18/19 MP: 4/10
  2140 | D:2      | Noticed Sigmund
  2485 | D:3      | Found an iron altar of Okawaru.
  2485 | D:3      | Noticed Robin
  2507 | D:3      | Found a snail-covered altar of Cheibriados.
  2574 | D:3      | Reached XP level 4. HP: 24/24 MP: 9/12
  2647 | D:3      | Learned a level 4 spell: Iskenderun's Mystic Blast
  2837 | D:3      | Found a blossoming altar of Fedhas.
  3274 | D:3      | Found an ancient bone altar of Kikubaaqudgha.
  3367 | D:3      | Noticed lorenzova's ghost (amateur DECj)
  3461 | D:3      | Killed lorenzova's ghost
  3461 | D:3      | Reached skill level 5 in Spellcasting
  3461 | D:3      | Reached XP level 5. HP: 14/28 MP: 0/15
  3903 | D:4      | Found a glowing golden altar of the Shining One.
  3910 | D:4      | Noticed Mungo's ghost (amateur SpAr)
  3914 | D:4      | Killed Mungo's ghost
  3914 | D:4      | Reached XP level 6. HP: 32/32 MP: 1/17
  4023 | D:4      | Learned a level 5 spell: Iskenderun's Battlesphere
  4025 | D:4      | You fall through a shaft for 3 floors!
  4038 | D:5      | Entered Level 5 of the Dungeon
  4135 | D:4      | Noticed Eustachio
  4557 | D:4      | Reached XP level 7. HP: 36/36 MP: 10/19
  4656 | D:4      | Noticed Grinder
  4686 | D:4      | Slain by Grinder

Skill      XL: |  1  2  3  4  5  6 |
---------------+-------------------+-----
Spellcasting   | 4 5 6 7 |  7.3
Conjurations   | 5 6 7 |  7.5
Dodging        | |  2.4
Stealth        | |  2.4

Action                   |  1- 3 |  4- 6 |  7- 9 || total
-------------------------+-------+-------+-------++-------
Melee: Dagger            |     1 |       |       ||     1
 Cast: Magic Dart        |    81 |    53 |    11 ||   145
       Iskenderun's Myst |       |    14 |     4 ||    18
  Use: Scroll            |       |    11 |       ||    11
  Eat: Chunk             |     5 |     4 |       ||     9
       Fruit             |       |     5 |       ||     5
Armor: Robe              |     6 |     3 |       ||     9
Dodge: Dodged            |     8 |     7 |       ||    15
